 Dungeon Sprint DCSS version 0.27-a0-215-g68775813e2 (webtiles) character file.

Game seed: 11598360289604352763

1696 MordorOrchid the Covert (level 9, -3/72 HPs)
             Began as a Gnoll Enchanter on Jan 30, 2021.
             Was a Believer of Sif Muna.
             Shot with an arrow by a centaur warrior (4 damage)
             ... in the Dungeon (Sprint IX: "|||||||||||||||||||||||||||||").
             The game lasted 00:03:56 (622 turns).

MordorOrchid the Covert (Gnoll Enchanter)            Turns: 622, Time: 00:03:56

Health: -3/72      AC:  5    Str:  8    XL:     9   Next: 3%
Magic:  16/21      EV: 18    Int: 21    God:    Sif Muna [**....]
Gold:   0          SH:  0    Dex: 12    Spells: 13/25 levels left

rFire    . . .     SeeInvis .   m - +2 rapier (distort)
rCold    . . .     Faith    .   (no shield)
rNeg     . . .     Spirit   .   b - +0 robe
rPois    .         Reflect  .   p - +0 helmet
rElec    .         Harm     .   (no cloak)
rCorr    .         Rampage  .   (no gloves)
Will     .....     NoTele   +   o - +0 pair of boots
Stlth    ++++......             (no amulet)
HPRegen  0.22/turn              r - +2 ring of evasion
MPRegen  0.17/turn              q - +3 ring of intelligence

@: no status effects
A: distributed training, fangs 1, strong nose
a: Renounce Religion, Channel Magic


You were in the Dungeon.
You worshipped Sif Muna.
Sif Muna was pleased with you.
You visited 1 branch

Inventory:

Hand Weapons
 a - a +1 dagger
 l - a +2 halberd of venom
 m - a +2 rapier of distortion (weapon)
 n - a +2 scimitar of flaming
Armour
 b - a +0 robe (worn)
 o - a +0 pair of boots (worn)
 p - a +0 helmet (worn)
 s - a +1 chain mail
Jewellery
 q - a +3 ring of intelligence (right hand)
 r - a +2 ring of evasion (left hand)
Wands
 k - a wand of acid (7)
Scrolls
 f - 3 scrolls of remove curse
 i - a scroll of blinking
 j - 2 scrolls of amnesia
Potions
 d - 5 potions of curing
 e - 3 potions of heal wounds
 g - 4 potions of magic
 h - a potion of berserk rage


   Skills:
 + Level 7.1 Fighting
 + Level 7.6 Short Blades
 + Level 7.1 Long Blades
 + Level 7.1 Axes
 + Level 7.1 Maces & Flails
 + Level 7.1 Polearms
 + Level 7.1 Staves
 + Level 7.1 Slings
 + Level 7.1 Bows
 + Level 7.1 Crossbows
 + Level 7.1 Throwing
 + Level 7.1 Armour
 + Level 8.5 Dodging
 + Level 9.3 Stealth
 + Level 7.1 Shields
 + Level 7.1 Unarmed Combat
 + Level 8.8 Spellcasting
 + Level 5.9 Conjurations
 + Level 8.1 Hexes
 + Level 5.9 Summonings
 + Level 5.9 Necromancy
 + Level 5.9 Translocations
 + Level 5.9 Transmutations
 + Level 5.9 Fire Magic
 + Level 5.9 Ice Magic
 + Level 5.9 Air Magic
 + Level 5.9 Earth Magic
 + Level 5.9 Poison Magic
 + Level 7.8 Invocations
 + Level 7.1 Evocations


You had 13 spell levels left.
You knew the following spells:

 Your Spells              Type           Power        Failure   Level
a - Corona                Hex            47%          1%          1
b - Ensorcelled Hibernat  Hex/Ice        76%          1%          2
d - Tukima's Dance        Hex            43%          1%          3
f - Dazzling Flash        Conj/Hex       76%          1%          3
A - Confusing Touch       Hex            43%          1%          3

Your spell library contained the following spells:

 Spells                   Type           Power        Failure   Level


Dungeon Overview and Level Annotations

Branches:
Dungeon (1/1)

Altars:
Cheibriados
Dithmenos
Elyvilon
Fedhas
Gozag
Hepliaklqana
Kikubaaqudgha
Makhleb
Nemelex Xobeh
Okawaru
Qazlal
Ru
Sif Muna
Trog
Uskayaw
Vehumet
Wu Jian
Xom
Yredelemnul
Zin
The Shining One
Beogh
Jiyva
Lugonu


Innate Abilities, Weirdness & Mutations

Your experience applies equally to all skills.
You have very sharp teeth.
Your uncanny sense of smell can sniff out nearby items.


Message History

You destroy the fire elemental!
The bolt of acid misses the deep elf pyromancer.
The deep elf pyromancer gestures at you while chanting.
The bolt of fire hits you!
* * * LOW HITPOINT WARNING * * *
Evoke which item? (* to show all) (? for menu, Esc to quit)
Aiming: Corrosive Bolt
Press: ? - help, Shift-Dir - straight line, f - deep elf pyromancer
Aim: a deep elf pyromancer, wielding a +0 long sword (severely wounded, covered in acid, 36% to evade)
The bolt of acid hits the deep elf pyromancer!!
The deep elf pyromancer is splashed with acid!
You kill the deep elf pyromancer!
Sif Muna accepts your kill.
The bolt of acid hits the centaur warrior!
The centaur warrior is splashed with acid!
The acid corrodes the centaur warrior!
The centaur warrior is moderately wounded.
The centaur warrior wields a +0 shortbow.
The centaur warrior shoots an arrow.
The arrow hits you.
You die...

▓▓▓▓▓▓▓▓▓▓▓▓▓▓▓▓▓▓▓▓▓▓▓▓▓▓▓▓▓▓▓▓▓
hh..h.c...)c)'..@†..)..'_________
▓▓▓▓▓▓▓▓▓▓▓▓▓▓▓▓▓▓▓▓▓▓▓▓▓▓▓▓▓▓▓▓▓
∆∆∆∆ ∆ ∆∆∆∆


You could see a centaur warrior (corroded).

Vanquished Creatures
  A boulder beetle (D)
  A two-headed ogre (D)
  A deep elf pyromancer (D)
  A scorpion (D)
  A worker ant (D)
  An adder (D)
  A leopard gecko (D)
  2 orcs (D)
  A giant cockroach (D)
  A hobgoblin (D)
  A jackal (D)
  A bat (D)
  A frilled lizard (D)
  A giant cockroach zombie (D)
  A jackal skeleton (D)
16 creatures vanquished.

Notes
Turn   | Place    | Note
-------+----------+-------------------------------------------
     0 | D        | MordorOrchid the Gnoll Enchanter began the quest for the
                  | Orb.
     0 | D        | Reached XP level 1. HP: 13/13 MP: 6/6
    28 | D        | Reached skill level 6 in Stealth
    28 | D        | Reached skill level 5 in Spellcasting
    28 | D        | Reached skill level 1 in Invocations
    40 | D        | Reached skill level 1 in Fighting
    40 | D        | Reached skill level 1 in Long Blades
    40 | D        | Reached skill level 1 in Axes
    40 | D        | Reached skill level 1 in Maces & Flails
    40 | D        | Reached skill level 1 in Polearms
    40 | D        | Reached skill level 1 in Staves
    40 | D        | Reached skill level 1 in Slings
    40 | D        | Reached skill level 1 in Bows
    40 | D        | Reached skill level 1 in Crossbows
    40 | D        | Reached skill level 1 in Throwing
    40 | D        | Reached skill level 1 in Armour
    40 | D        | Reached skill level 1 in Shields
    40 | D        | Reached skill level 1 in Unarmed Combat
    40 | D        | Reached skill level 1 in Evocations
   160 | D        | Noticed a scorpion
   160 | D        | Noticed a worker ant
   162 | D        | Killed a worker ant
   163 | D        | Reached skill level 1 in Conjurations
   163 | D        | Reached skill level 1 in Summonings
   163 | D        | Reached skill level 1 in Necromancy
   163 | D        | Reached skill level 1 in Translocations
   163 | D        | Reached skill level 1 in Transmutations
   163 | D        | Reached skill level 1 in Fire Magic
   163 | D        | Reached skill level 1 in Ice Magic
   163 | D        | Reached skill level 1 in Air Magic
   163 | D        | Reached skill level 1 in Earth Magic
   163 | D        | Reached skill level 1 in Poison Magic
   163 | D        | Reached XP level 2. HP: 22/22 MP: 8/8
   163 | D        | Reached XP level 3. HP: 27/27 MP: 9/9
   177 | D        | Learned a level 2 spell: Ensorcelled Hibernation
   181 | D        | Learned a level 3 spell: Confusing Touch
   185 | D        | Learned a level 3 spell: Tukima's Dance
   189 | D        | Learned a level 3 spell: Dazzling Flash
   191 | D        | Killed a scorpion
   192 | D        | Reached skill level 5 in Dodging
   192 | D        | Reached XP level 4. HP: 34/34 MP: 7/11
   212 | D        | Found a roughly hewn altar of Beogh.
   212 | D        | Found a snail-covered altar of Cheibriados.
   212 | D        | Found a shadowy altar of Dithmenos.
   212 | D        | Found a white marble altar of Elyvilon.
   212 | D        | Found a blossoming altar of Fedhas.
   212 | D        | Found an opulent altar of Gozag.
   213 | D        | Found a hazy altar of Hepliaklqana.
   214 | D        | Found a viscous altar of Jiyva.
   215 | D        | Found an ancient bone altar of Kikubaaqudgha.
   216 | D        | Found a corrupted altar of Lugonu.
   217 | D        | Found a burning altar of Makhleb.
   218 | D        | Found a sparkling altar of Nemelex Xobeh.
   219 | D        | Found an iron altar of Okawaru.
   220 | D        | Found a stormy altar of Qazlal.
   221 | D        | Found a sacrificial altar of Ru.
   222 | D        | Found a shimmering blue altar of Sif Muna.
   223 | D        | Found a bloodstained altar of Trog.
   224 | D        | Found a hide-covered altar of Uskayaw.
   225 | D        | Found a radiant altar of Vehumet.
   226 | D        | Found an ornate altar of the Wu Jian Council.
   227 | D        | Found a shimmering altar of Xom.
   228 | D        | Found a basalt altar of Yredelemnul.
   229 | D        | Found a glowing silver altar of Zin.
   230 | D        | Became a worshipper of Sif Muna the Loreminder
   231 | D        | Found a glowing golden altar of the Shining One.
   283 | D        | Noticed a two-headed ogre
   283 | D        | Noticed an ice beast
   283 | D        | Noticed a troll
   289 | D        | Banished a troll
   290 | D        | Reached skill level 5 in Short Blades
   290 | D        | Reached skill level 7 in Stealth
   290 | D        | Reached skill level 5 in Invocations
   290 | D        | Reached XP level 5. HP: 29/43 MP: 12/14
   290 | D        | Reached XP level 6. HP: 34/49 MP: 12/15
   293 | D        | Reached * piety under Sif Muna
   308 | D        | Killed a two-headed ogre
   309 | D        | Reached skill level 8 in Stealth
   309 | D        | Reached skill level 5 in Conjurations
   309 | D        | Reached skill level 5 in Summonings
   309 | D        | Reached skill level 5 in Necromancy
   309 | D        | Reached skill level 5 in Translocations
   309 | D        | Reached skill level 5 in Transmutations
   309 | D        | Reached skill level 5 in Fire Magic
   309 | D        | Reached skill level 5 in Ice Magic
   309 | D        | Reached skill level 5 in Air Magic
   309 | D        | Reached skill level 5 in Earth Magic
   309 | D        | Reached skill level 5 in Poison Magic
   309 | D        | Reached XP level 7. HP: 15/58 MP: 5/18
   309 | D        | Reached XP level 8. HP: 16/64 MP: 5/20
   594 | D        | Noticed a centaur warrior
   594 | D        | Noticed a deep elf pyromancer
   594 | D        | Noticed a boulder beetle
   619 | D        | Killed a boulder beetle
   620 | D        | Reached skill level 9 in Stealth
   620 | D        | Reached XP level 9. HP: 25/72 MP: 15/21
   621 | D        | HP: 1/72 [deep elf pyromancer/bolt of fire (11)]
   622 | D        | Killed a deep elf pyromancer
   622 | D        | Reached ** piety under Sif Muna
   622 | D        | Shot with an arrow by a centaur warrior

Illustrated notes

Levels and vault maps discovered:
D:        linesprint [early_d, line_temple, items_1, d_10, items_2, lair_1,
          lair_end, items_3, orc_1, orc_end, items_4, d_15, swamp_1, shoals_1,
          snake_1, spider_1, d_20, vaults_1, items_5, swamp_end, shoals_end,
          snake_end, spider_end, vaults_end, d_27, items_6, zot_1, zot_end,
          crypt_end, forest_end, elf_end, slime_end, tomb_end, abyss_end,
          pan_hell_end]

Skill      XL: |  1  2  3  4  5  6  7  8 |
---------------+-------------------------+-----
Stealth        | 6 7 8 9 |  9.3
Spellcasting   | 5 6 8 |  8.8
Invocations    | 2 3 5 6 7 |  7.8
Fighting       | 1 2 4 6 7 |  7.1
Long Blades    | 1 2 4 6 7 |  7.1
Axes           | 1 2 4 6 7 |  7.1
Maces & Flails | 1 2 4 6 7 |  7.1
Polearms       | 1 2 4 6 7 |  7.1
Staves         | 1 2 4 6 7 |  7.1
Slings         | 1 2 4 6 7 |  7.1
Bows           | 1 2 4 6 7 |  7.1
Crossbows      | 1 2 4 6 7 |  7.1
Throwing       | 1 2 4 6 7 |  7.1
Armour         | 1 2 4 6 7 |  7.1
Shields        | 1 2 4 6 7 |  7.1
Unarmed Combat | 1 2 4 6 7 |  7.1
Evocations     | 1 2 4 6 7 |  7.1
Short Blades   | 3 5 6 7 |  7.6
Conjurations   | 1 2 3 5 |  5.9
Summonings     | 1 2 3 5 |  5.9
Necromancy     | 1 2 3 5 |  5.9
Translocations | 1 2 3 5 |  5.9
Transmutations | 1 2 3 5 |  5.9
Fire Magic     | 1 2 3 5 |  5.9
Ice Magic      | 1 2 3 5 |  5.9
Air Magic      | 1 2 3 5 |  5.9
Earth Magic    | 1 2 3 5 |  5.9
Poison Magic   | 1 2 3 5 |  5.9
Dodging        | 5 6 7 8 |  8.5
Hexes          | 6 7 8 |  8.1

Action                   |  1- 3 |  4- 6 |  7- 9 || total
-------------------------+-------+-------+-------++-------
Melee: Dagger            |    36 |     6 |       ||    42
       Bite              |     2 |     2 |     1 ||     5
       Rapier            |       |    18 |    19 ||    37
 Cast: Corona            |     5 |       |       ||     5
       Ensorcelled Hiber |     1 |     4 |     1 ||     6
       Confusing Touch   |       |     2 |     3 ||     5
Evoke: Wand              |       |       |     3 ||     3
  Use: Potion            |     1 |     1 |       ||     2
       Scroll            |       |       |     1 ||     1
 Stab: Sleeping          |     2 |     4 |     1 ||     7
       Invisible         |       |     1 |       ||     1
Armor: Robe              |     3 |       |     1 ||     4
Dodge: Dodged            |    29 |    10 |    14 ||    53

Table legend: (Time is in decaauts)
 A = Elapsed time spent in this place.
 B = Non-inter-level travel time spent in this place.
 C = Inter-level travel time spent in this place.
 D = Time resting spent in this place.
 E = Time spent auto-exploring this place.
 F = Levels seen in this place.
 G = Mean time per level.
                   A        B        C        D        E       F      G
               +--------+--------+--------+--------+--------+-----+--------+
         Total |    592 |    592 |      0 |    352 |      0 |   1 |  592.0 |
       Dungeon |    592 |    592 |      0 |    352 |      0 |   1 |  592.0 |
               +--------+--------+--------+--------+--------+-----+--------+

Top non-repeatable levels by time:
       D: 592 daAuts
